[Event "Titled Tuesday Blitz May 23 Late 2023"]
[White "Chabris, Christopher"]
[Black "Djokic, Mihailo"]
[WhiteFideId "2005263"]
[BlackFideId "976440"]
[WhiteElo "2363"]
[BlackElo "2294"]
[Result "0-1"]
[Round "01"]
[TimeControl "180+2"]
[Date "2023.05.23"]
[WhiteClock "0:00:00"]
[BlackClock "0:00:07"]

1. e4 c5 2. Nf3 d6 3. Bb5+ Bd7 4. Bxd7+ Qxd7 5. O-O Nc6 6. Qe2 Nf6 7. c3 e6 8. d4 cxd4 9. cxd4 d5 10. e5 Ne4 11. Be3 f6 12. exf6 gxf6 13. Nc3 Nxc3 14. bxc3 Bd6 15. c4 Ne7 16. Nh4 dxc4 17. Qh5+ Kd8 18. Rfc1 Rc8 19. Qa5+ b6 20. Qa6 c3 21. a4 Nd5 22. Qd3 Rg8 23. Kh1 f5 24. g3 Qc6 25. Kg1 Qc4 26. Qd1 Rg4 27. h3 Nxe3 28. fxe3 Rxg3+ 29. Kf2 Rg4 30. hxg4 f4 31. Qe2 fxe3+ 32. Qxe3 e5 33. Nf5 exd4 34. Qxd4 Qxd4+ 35. Nxd4 Be5 36. Ke3 Rc4 37. Rd1 Kc8 38. Nb5 a6 39. Na3 Rxg4 40. Nc2 h5 41. Rg1 Rc4 42. Rg5 Bf4+ 43. Kd3 Rc6 44. Rxh5 a5 45. Rf1 Rd6+ 46. Kxc3 Bd2+ 47. Kb2 Kb7 48. Rf7+ Ka6 49. Rh8 b5 50. Ra8+ Kb6 51. Rb8+ Kc6 52. axb5+ Kc5 53. Rf5+ Kc4 54. b6 Bc3+ 55. Ka2 Rd2 56. Rc8+ Kd3 57. Rd8+ Bd4 58. Rxd4+ Kxc2 59. Rxd2+ Kc1 60. b7 a4 0-1


[Site "https://www.chess.com"]

[Event "Titled Tuesday Blitz May 23 Late 2023"]
[White "Chen, Justin"]
[Black "Alexikov, Alexander"]
[WhiteFideId "2098199"]
[BlackFideId "14103958"]
[WhiteElo "2289"]
[BlackElo "2186"]
[Result "1-0"]
[Round "01"]
[TimeControl "180+2"]
[Date "2023.05.23"]
[WhiteClock "0:00:01"]
[BlackClock "0:00:00"]

1. c4 Nf6 2. Nc3 g6 3. g3 Bg7 4. Bg2 d6 5. d4 O-O 6. Nf3 c6 7. O-O Qa5 8. e4 e5 9. Re1 Nbd7 10. h3 b5 11. cxb5 cxb5 12. a4 a6 13. Bg5 b4 14. dxe5 bxc3 15. exf6 Nxf6 16. bxc3 Bb7 17. Nd4 Qxg5 18. e5 dxe5 19. Bxb7 exd4 20. Bxa8 Rxa8 21. cxd4 Rd8 22. Rc1 Qf5 23. Kg2 Qd5+ 24. Qf3 h5 25. Rc6 Qxf3+ 26. Kxf3 a5 27. Rd1 Nd5 28. Rc5 Nb4 29. d5 Bf8 30. Rxa5 Bd6 31. Rb5 Ra8 32. a5 Kf8 33. Re1 Ra7 34. Rb1 1-0


[Site "https://www.chess.com"]

[Event "Titled Tuesday Blitz May 23 Late 2023"]
[White "Carrasco Miranda, Andres"]
[Black "Ilkhomi, Jaloliddin"]
[WhiteFideId "3405990"]
[BlackFideId "14700948"]
[WhiteElo "2183"]
[BlackElo "2045"]
[Result "0-1"]
[Round "01"]
[TimeControl "180+2"]
[Date "2023.05.23"]
[WhiteClock "0:00:00"]
[BlackClock "0:01:32"]

1. d4 Nf6 2. c4 e6 3. g3 Bb4+ 4. Nd2 Ne4 5. Bg2 f5 6. Nf3 O-O 7. O-O Nxd2 8. Bxd2 Bxd2 9. Qxd2 d6 10. Rfe1 Nd7 11. e4 Qf6 12. e5 dxe5 13. Nxe5 Nxe5 14. dxe5 Qe7 15. f4 Rd8 16. Qe3 Rb8 17. Qxa7 Bd7 18. Red1 Bc6 19. Bxc6 bxc6 20. b3 Rb6 21. Qa5 h5 22. h4 Rbb8 23. Qe1 Kh7 24. Qf2 Ra8 25. Kg2 Qa3 26. Kh3 Kh6 27. Rac1 g6 28. Qe2 c5 29. Rxd8 Rxd8 30. Rd1 Rd4 31. Rd3 Qc1 32. Kg2 Qb1 33. Rxd4 cxd4 34. c5 d3 35. Qf2 Qc2 36. Kf3 d2 0-1


[Site "https://www.chess.com"]

[Event "Titled Tuesday Blitz May 23 Late 2023"]
[White "Vlassov, Nikolai"]
[Black "Schuster, Karsten"]
[WhiteFideId "4103360"]
[BlackFideId "4611071"]
[WhiteElo "2324"]
[BlackElo "2254"]
[Result "1-0"]
[Round "01"]
[TimeControl "180+2"]
[Date "2023.05.23"]
[WhiteClock "0:01:31"]
[BlackClock "0:00:46"]

1. e4 d5 2. exd5 Qxd5 3. Nc3 Qd6 4. Nf3 Bg4 5. h3 Bh5 6. d4 c6 7. g4 Bg6 8. Ne5 Nd7 9. Bf4 Nxe5 10. Bxe5 Qd7 11. Bg2 e6 12. Qf3 f6 13. Bg3 Bxc2 14. O-O Bd6 15. Rfe1 Ne7 16. Rac1 Bg6 17. Ne4 Bxg3 18. Qxg3 O-O 19. Nc5 Qxd4 20. Nxe6 Qxb2 21. Nxf8 Kxf8 22. Rcd1 Re8 23. Rd7 Qxa2 24. Qd6 Qf7 25. Rxb7 a5 26. Bxc6 1-0


[Site "https://www.chess.com"]

[Event "Titled Tuesday Blitz May 23 Late 2023"]
[White "FuenfgegenWilly"]
[Black "Ehlvest, Jaan"]
[BlackFideId "4500016"]
[WhiteElo "2350"]
[BlackElo "2442"]
[Result "0-1"]
[Round "01"]
[TimeControl "180+2"]
[Date "2023.05.23"]
[WhiteClock "0:00:11"]
[BlackClock "0:00:43"]

1. Nf3 d5 2. e3 g6 3. c4 Nf6 4. b3 Bg7 5. Bb2 O-O 6. cxd5 Nxd5 7. Bxg7 Kxg7 8. Qc2 b6 9. h4 h6 10. h5 g5 11. Qb2+ f6 12. Nc3 e5 13. Nxd5 Qxd5 14. Bc4 Qd6 15. O-O-O c5 16. d4 cxd4 17. Kb1 Nc6 18. exd4 e4 19. d5 Na5 20. Nd4 Nxc4 21. bxc4 Bd7 22. Rhe1 Rfe8 23. Qc2 Rac8 24. Rxe4 Qb4+ 25. Nb3 Bf5 26. Re7+ Qxe7 27. Qxf5 Qe4+ 28. Qxe4 Rxe4 29. Nd4 Rxc4 30. Ne6+ Kf7 31. f3 Re2 32. Nd8+ Ke7 33. Nc6+ Kd6 34. g4 Rcc2 35. Nd4 Rcd2 36. Nb5+ Kxd5 37. Nc3+ Ke5 38. Rf1 Rb2+ 39. Ka1 Rf2 40. Re1+ Kd4 41. Rc1 Rbc2 42. Nb5+ Kc5 0-1


[Site "https://www.chess.com"]

[Event "Titled Tuesday Blitz May 23 Late 2023"]
[White "Barbosa, Evandro Amorim"]
[Black "el_sporco"]
[WhiteFideId "2115824"]
[WhiteElo "2439"]
[BlackElo "2350"]
[Result "0-1"]
[Round "01"]
[TimeControl "180+2"]
[Date "2023.05.23"]
[WhiteClock "0:00:31"]
[BlackClock "0:00:12"]

1. e4 c5 2. Nf3 d6 3. d4 cxd4 4. Nxd4 Nf6 5. Nc3 a6 6. Be2 e5 7. Nf3 Be7 8. Bg5 Be6 9. Bxf6 Bxf6 10. O-O O-O 11. Nd5 Nd7 12. Bc4 Rc8 13. Qe2 Nb6 14. Nxb6 Qxb6 15. Bb3 Qc6 16. c3 d5 17. exd5 Bxd5 18. Bxd5 Qxd5 19. Nd2 g6 20. Rfd1 Qe6 21. Ne4 Be7 22. h4 f5 23. Ng5 Bxg5 24. hxg5 Rfd8 25. Rd2 Qe7 26. Rad1 Qxg5 27. Qe3 Rxd2 28. Qxg5 Rxd1+ 29. Kh2 Rcd8 30. Qe7 R1d7 31. Qxe5 Rd2 32. Qc7 R8d7 33. Qc8+ Kg7 34. b4 h5 35. a4 f4 36. Qb8 Rxf2 37. Qe5+ Kh7 38. Kh3 Rd3+ 39. Kh4 Rxg2 40. Qe7+ Kh6 41. Qf8+ Kh7 42. b5 Rg4# 0-1


[Site "https://www.chess.com"]

[Event "Titled Tuesday Blitz May 23 Late 2023"]
[White "Rodriguez Santiago, Jaime"]
[Black "Javakhadze, Zurab"]
[WhiteFideId "3100898"]
[BlackFideId "13603647"]
[WhiteElo "2025"]
[BlackElo "2381"]
[Result "0-1"]
[Round "01"]
[TimeControl "180+2"]
[Date "2023.05.23"]
[WhiteClock "0:00:22"]
[BlackClock "0:00:41"]

1. c4 e6 2. d4 d5 3. Nc3 Nf6 4. cxd5 exd5 5. Bg5 c6 6. e3 Nbd7 7. Bd3 Be7 8. Qc2 Nf8 9. Nge2 Ne6 10. Bh4 g6 11. O-O O-O 12. Rae1 Ng7 13. f3 c5 14. dxc5 Nf5 15. Bxf6 Bxf6 16. Qd2 d4 17. exd4 Bxd4+ 18. Nxd4 Qxd4+ 19. Kh1 Qxc5 20. Ne4 Qd4 21. Qc3 Qxc3 22. Nxc3 Be6 23. a3 Rad8 24. Be4 b6 25. Rf2 Rd7 26. g4 Nd6 27. Bd5 Bxd5 28. Nxd5 Kg7 29. Rfe2 Rfd8 30. Nf4 Nc4 31. Re7 Kf6 32. Rxd7 Rxd7 33. b4 Nxa3 34. h4 Nc2 35. Re4 Rd4 36. Rxd4 Nxd4 37. Kg2 Nc2 38. b5 Na3 39. Nd5+ Ke5 40. Nc7 Kd6 41. Ne8+ Ke7 42. Nc7 Kd7 43. Nd5 Nxb5 44. Nf6+ Ke7 45. Nxh7 a5 46. Ng5 a4 47. Ne4 a3 48. Nd2 Nd4 49. Nb1 a2 50. Nc3 a1=Q 51. Nd5+ Kf8 52. Nxb6 Qb2+ 53. Kg3 Qxb6 54. h5 gxh5 0-1


[Site "https://www.chess.com"]

[Event "Titled Tuesday Blitz May 23 Late 2023"]
[White "Amburgy, Ryan"]
[Black "Shapiro, Daniel"]
[WhiteFideId "30924820"]
[BlackFideId "2001780"]
[WhiteElo "2134"]
[BlackElo "2349"]
[Result "1-0"]
[Round "01"]
[TimeControl "180+2"]
[Date "2023.05.23"]
[WhiteClock "0:01:01"]
[BlackClock "0:00:00"]

1. d4 Nf6 2. c4 e6 3. Nf3 d5 4. Nc3 Bb4 5. Qa4+ Nc6 6. a3 Bxc3+ 7. bxc3 O-O 8. Bg5 h6 9. Bh4 Bd7 10. cxd5 exd5 11. e3 a6 12. Qc2 Re8 13. Bd3 Na5 14. Ne5 Bb5 15. O-O c5 16. Bxb5 axb5 17. Rfb1 g5 18. Bg3 Ne4 19. Rxb5 Rc8 20. f3 Nxg3 21. hxg3 cxd4 22. exd4 Re6 23. Qf5 Rf6 24. Qd7 Qxd7 25. Nxd7 Ra6 26. Nc5 Ra7 27. Rab1 Nc4 28. Rxb7 Rxa3 29. Re1 Nd6 30. Rd7 Rc6 31. Re3 Nf5 32. Re8+ Kg7 33. g4 Nh4 34. Ree7 Rf6 35. Nd3 Rxc3 36. Ne5 Rc1+ 37. Kh2 Rc2 38. Rxf7+ Rxf7 39. Rxf7+ Kg8 40. Rd7 Rxg2+ 41. Kh3 Rd2 42. Rxd5 Kg7 43. Rd6 1-0


[Site "https://www.chess.com"]

[Event "Titled Tuesday Blitz May 23 Late 2023"]
[White "StarkyNZ"]
[Black "Rosen, Eric"]
[BlackFideId "2032562"]
[WhiteElo "2348"]
[BlackElo "2331"]
[Result "0-1"]
[Round "01"]
[TimeControl "180+2"]
[Date "2023.05.23"]
[WhiteClock "0:00:00"]
[BlackClock "0:00:08"]

1. d4 d5 2. c4 e6 3. Nf3 Nf6 4. Nc3 Nbd7 5. cxd5 exd5 6. Bf4 Bb4 7. e3 Ne4 8. Rc1 c5 9. Bd3 Ndf6 10. O-O Bxc3 11. bxc3 c4 12. Bb1 O-O 13. Nd2 Bf5 14. f3 Nxd2 15. Qxd2 Bg6 16. Bg5 h6 17. Bxf6 Qxf6 18. Bxg6 Qxg6 19. Rb1 Rab8 20. Rb5 Qc6 21. Rfb1 b6 22. a4 a6 23. R5b4 Rb7 24. Qc2 Rfb8 25. e4 Qg6 26. Qe2 Qe6 27. R1b2 Re8 28. e5 Reb8 29. Qc2 b5 30. f4 Qg4 31. Qc1 Rb6 32. axb5 axb5 33. Rf2 Qf5 34. Qb1 Qxb1+ 35. Rxb1 b4 36. Rxb4 Rxb4 37. cxb4 Rxb4 38. Rc2 Rb1+ 39. Kf2 Rd1 40. Ke3 Rd3+ 41. Ke2 Rxd4 42. g3 g6 43. Ra2 Rd3 44. Ra8+ Kg7 45. Rc8 Rc3 46. Rc7 Kf8 47. Rc8+ Ke7 48. Rc7+ Ke6 49. Rc6+ Ke7 50. Rc7+ Ke8 51. Rc8+ Kd7 52. Rf8 Ke7 53. Rc8 d4 54. Rc7+ Ke8 55. Rc8+ Kd7 56. Rf8 Ke7 57. Rc8 d3+ 58. Kd2 Rc2+ 59. Kd1 c3 60. Rc6 Rd2+ 61. Kc1 Rc2+ 62. Kd1 h5 63. Rd6 Rd2+ 64. Kc1 f6 65. Rc6 Rc2+ 66. Kd1 fxe5 67. fxe5 g5 68. Rd6 Rd2+ 69. Kc1 g4 70. Rc6 Rc2+ 71. Kd1 Kf7 72. Rd6 Rd2+ 73. Kc1 Ke8 74. Rc6 Rc2+ 75. Kd1 Ke7 76. Rd6 Rd2+ 77. Kc1 Rxh2 78. Rxd3 c2 79. Rc3 Ke6 80. Kb2 Kxe5 81. Rc5+ Ke4 82. Rc4+ Kd5 83. Rf4 Ke5 84. Rf8 Ke4 85. Kc1 Rg2 0-1


[Site "https://www.chess.com"]

[Event "Titled Tuesday Blitz May 23 Late 2023"]
[White "Jirasek, Ladia"]
[Black "Onslow, Alfie"]
[WhiteFideId "2094398"]
[BlackFideId "436976"]
[WhiteElo "2357"]
[BlackElo "2114"]
[Result "0-1"]
[Round "01"]
[TimeControl "180+2"]
[Date "2023.05.23"]
[WhiteClock "0:01:26"]
[BlackClock "0:00:08"]

1. d4 Nf6 2. Nc3 c5 3. d5 d6 4. e4 g6 5. Bg5 Bg7 6. Bb5+ Bd7 7. a4 a6 8. Bd3 O-O 9. f4 Qc7 10. Qe2 Bg4 11. Nf3 Bxf3 12. Qxf3 Nbd7 13. O-O c4 14. Be2 b5 15. axb5 axb5 16. Kh1 b4 17. Rxa8 Rxa8 18. Nd1 Nb6 19. Ne3 Ra2 20. Rb1 Qc5 21. h3 Kf8 22. Bh4 Qd4 23. c3 Qxe4 24. Qxe4 Nxe4 25. cxb4 c3 26. Bd3 Nd2 27. Rd1 Rxb2 28. Be1 Rxb4 29. g3 Rd4 30. Bc2 Nxd5 31. Nxd5 Rxd5 32. Kg2 Rd4 33. Bf2 Rd5 34. Be3 f5 35. g4 Ra5 36. Bxd2 Ra2 37. Bb3 Rxd2+ 38. Rxd2 cxd2 39. g5 e6 40. Kf3 Bc3 41. Ke2 d5 42. Kd3 Ba5 43. Ke3 Ke7 44. Ke2 Kd6 45. Ba4 Ke7 46. Bb5 Bc7 47. Kxd2 Bxf4+ 48. Kd3 Bxg5 49. Ba4 Bf6 50. Ke3 e5 51. Kd3 e4+ 52. Ke3 d4+ 53. Ke2 f4 54. Kd2 Kd6 55. Ke2 Ke5 56. Bc6 d3+ 57. Kf2 e3+ 58. Kf3 g5 59. Ba4 Kd4 60. Bd1 Kc3 0-1


[Site "https://www.chess.com"]

[Event "Titled Tuesday Blitz May 23 Late 2023"]
[White "Prieto Aranguren, Alain"]
[Black "Krallis, Christos"]
[WhiteFideId "2268906"]
[BlackFideId "4298896"]
[WhiteElo "2209"]
[BlackElo "2243"]
[Result "0-1"]
[Round "01"]
[TimeControl "180+2"]
[Date "2023.05.23"]
[WhiteClock "0:01:36"]
[BlackClock "0:01:45"]

1. d4 g6 2. h4 c5 3. d5 h5 4. Nh3 Bg7 5. Ng5 d6 6. e4 Nf6 7. Nc3 O-O 8. f3 e6 9. dxe6 fxe6 10. e5 Ne8 11. exd6 Nxd6 12. Bf4 Rxf4 13. Qd2 Rd4 14. Qe3 Nf5 15. Qf2 Nc6 16. Nce4 Ne5 17. Nxc5 Qa5+ 0-1


[Site "https://www.chess.com"]

[Event "Titled Tuesday Blitz May 23 Late 2023"]
[White "Iliaguev, Nisim"]
[Black "Debray, Christopher"]
[WhiteFideId "2817276"]
[BlackFideId "630810"]
[WhiteElo "2241"]
[BlackElo "2340"]
[Result "1-0"]
[Round "01"]
[TimeControl "180+2"]
[Date "2023.05.23"]
[WhiteClock "0:02:47"]
[BlackClock "0:02:00"]

1. d4 g6 2. Nf3 Bg7 3. g3 d6 4. Bg2 Nd7 5. O-O e5 6. b3 exd4 7. Bb2 c5 8. e3 Ngf6 9. exd4 O-O 10. c4 Ne4 11. Nc3 Ndf6 12. Nxe4 Nxe4 13. Re1 Re8 14. Qc2 Bf5 15. g4 Bxg4 16. Rxe4 Bf5 17. Rxe8+ Qxe8 18. Qd2 Be4 19. Re1 f5 20. Ng5 cxd4 21. Nxe4 fxe4 22. Bxd4 1-0


[Site "https://www.chess.com"]

[Event "Titled Tuesday Blitz May 23 Late 2023"]
[White "Celestino, Rafael Teixeira"]
[Black "koncheto"]
[WhiteFideId "2108925"]
[WhiteElo "2341"]
[BlackElo "2640"]
[Result "1-0"]
[Round "01"]
[TimeControl "180+2"]
[Date "2023.05.23"]
[WhiteClock "0:00:42"]
[BlackClock "0:00:00"]

1. e4 c5 2. Nf3 d6 3. d4 cxd4 4. Nxd4 Nf6 5. Nc3 Nc6 6. Bg5 e6 7. Be2 a6 8. O-O Be7 9. Qd2 O-O 10. Rad1 Qc7 11. Bxf6 gxf6 12. Qh6 Rd8 13. Rd3 Ne5 14. Rh3 Ng6 15. Qxh7+ Kf8 16. Bh5 Ke8 17. Bxg6 fxg6 18. Qxg6+ Kd7 19. Rh8 Rxh8 20. Qg7 Re8 21. Rd1 b5 22. Nf5 exf5 23. Nd5 Qxc2 24. Nxf6+ Kd8 25. Re1 Bxf6 26. Qxf6+ Kc7 27. Qh6 f4 28. Qxf4 Kb8 29. Rc1 Qd3 30. Qf7 1-0


[Site "https://www.chess.com"]

[Event "Titled Tuesday Blitz May 23 Late 2023"]
[White "Mirimanian, Hayk"]
[Black "Slavin, Alexey"]
[WhiteFideId "4700180"]
[BlackFideId "24104388"]
[WhiteElo "2280"]
[BlackElo "2264"]
[Result "1-0"]
[Round "01"]
[TimeControl "180+2"]
[Date "2023.05.23"]
[WhiteClock "0:00:58"]
[BlackClock "0:00:13"]

1. e4 Nc6 2. d4 d6 3. Nc3 Nf6 4. Bg5 e5 5. Nf3 Be7 6. Bb5 exd4 7. Nxd4 Bd7 8. Nxc6 Bxc6 9. Bxc6+ bxc6 10. Qd3 O-O 11. O-O-O Ng4 12. Bxe7 Qxe7 13. Qg3 Ne5 14. f4 Nc4 15. Qd3 Nb6 16. h4 a5 17. h5 a4 18. h6 g6 19. a3 Ra5 20. Qd4 f6 21. g4 c5 22. Qd3 Raa8 23. Rhe1 Qd7 24. g5 fxg5 25. fxg5 Rae8 26. Nd5 Nxd5 27. Qxd5+ Qf7 28. Qc6 Qa2 29. Qxa4 Qa1+ 30. Kd2 Qxb2 31. Qb3+ Qxb3 32. cxb3 Re5 33. Kd3 Rxg5 34. Kc4 Rb8 35. e5 Rg4+ 36. Kd5 Rxb3 37. e6 Kf8 38. Rf1+ Ke8 39. Rf7 Rg5+ 40. Kc6 Re5 41. Rdf1 Rxa3 42. Rf8+ Ke7 43. R8f7+ Kxe6 44. R1f6# 1-0


[Site "https://www.chess.com"]

[Event "Titled Tuesday Blitz May 23 Late 2023"]
[White "Tejedor Fuente, Enrique"]
[Black "Smiechu"]
[WhiteFideId "2299100"]
[WhiteElo "2496"]
[BlackElo "2337"]
[Result "1-0"]
[Round "01"]
[TimeControl "180+2"]
[Date "2023.05.23"]
[WhiteClock "0:00:13"]
[BlackClock "0:00:00"]

1. Nc3 g6 2. h4 h5 3. g3 Bg7 4. Bg2 c5 5. Nh3 Nc6 6. O-O Nf6 7. d3 O-O 8. e4 d6 9. Ng5 Bg4 10. f3 Bd7 11. Be3 Nd4 12. Qd2 b5 13. Nd1 b4 14. c3 bxc3 15. bxc3 Ne6 16. Nh3 Qc8 17. Kh2 Ba4 18. Nb2 Qa6 19. Nxa4 Qxa4 20. Nf2 Rab8 21. Rfc1 Qa3 22. Rc2 Rb7 23. Qc1 Qa6 24. f4 Ng4+ 25. Nxg4 hxg4 26. f5 Nc7 27. Qd1 Rfb8 28. fxg6 fxg6 29. d4 Rb2 30. Rac1 Qxa2 31. dxc5 dxc5 32. Bxc5 Qe6 33. Bxa7 Rxc2 34. Rxc2 Rf8 35. Be3 Nb5 36. Qd3 Nd6 37. Bf4 Nc4 38. Re2 Ne5 39. Qd5 Nf3+ 40. Bxf3 Qxd5 41. exd5 gxf3 42. Rxe7 Bxc3 43. Re3 f2 44. Kg2 Bd2 45. Rf3 Be1 46. d6 Rd8 47. Rd3 Kf7 48. Bg5 Rd7 49. Be7 Ke6 50. Rf3 Rb7 51. Rf6+ Kd7 52. Rxg6 Rb3 53. h5 Rf3 54. Kf1 Rf5 55. Rg5 Rf7 56. h6 Rh7 57. Rg6 Bd2 58. Bg5 Bxg5 59. Rg7+ 1-0


[Site "https://www.chess.com"]

[Event "Titled Tuesday Blitz May 23 Late 2023"]
[White "Lacasa Diaz, Jose Antonio"]
[Black "Goroshkov, Maksym"]
[WhiteFideId "2203375"]
[BlackFideId "14142716"]
[WhiteElo "2338"]
[BlackElo "2322"]
[Result "1/2-1/2"]
[Round "01"]
[TimeControl "180+2"]
[Date "2023.05.23"]
[WhiteClock "0:00:36"]
[BlackClock "0:00:13"]

1. d4 Nf6 2. Bf4 d6 3. Nc3 g6 4. e4 Bg7 5. Qd2 O-O 6. Bh6 c5 7. Bxg7 Kxg7 8. d5 a6 9. a4 Nbd7 10. Nf3 h5 11. h3 Ne5 12. Nxe5 dxe5 13. Be2 Bd7 14. O-O Qb6 15. b3 Qb4 16. Rad1 Nxe4 17. Nxe4 Qxe4 18. d6 exd6 19. Bf3 Qf5 20. Qxd6 e4 21. Bxe4 Qxe4 22. Qxd7 Qxc2 23. Qxb7 Rab8 24. Qxa6 Qxb3 25. Rc1 Rfc8 26. Qc4 Rb4 27. Qxb3 Rxb3 28. Rc4 Rb4 29. Rfc1 Rxc4 30. Rxc4 Kf6 31. Kf1 Ke5 32. Ke2 Kd5 33. Kd3 Rb8 34. Kc3 Rb1 35. Rf4 f5 36. h4 Ra1 37. g3 Ra2 38. Kb3 Ra1 39. Kb2 Re1 40. a5 c4 41. a6 Re6 42. Kc3 Rxa6 43. Rd4+ Ke5 44. Rxc4 Ra2 45. Rf4 Ra3+ 46. Kd2 Ra6 47. Ke3 Ra3+ 48. Ke2 Rc3 49. Ra4 Rc6 50. Kf3 Kf6 51. Kf4 Re6 52. Rb4 Ra6 53. Rc4 Kg7 54. Ke5 Kh6 55. Rd4 Ra2 56. Rf4 Re2+ 57. Kf6 Kh7 58. Kg5 Kg7 59. Ra4 Rxf2 60. Ra7+ Kf8 61. Kxg6 Rf3 62. Rf7+ Kg8 63. Rxf5 Rxg3+ 64. Kxh5 Kg7 65. Ra5 Kh7 66. Ra7+ Rg7 67. Rxg7+ Kxg7 68. Kg5 Kh8 69. h5 Kg8 70. h6 Kh8 71. h7 Kg7 72. h8=Q+ Kxh8 1/2-1/2


[Site "https://www.chess.com"]

[Event "Titled Tuesday Blitz May 23 Late 2023"]
[White "HamedWafa4"]
[Black "Peatman, Carter"]
[BlackFideId "2096480"]
[WhiteElo "2627"]
[BlackElo "2003"]
[Result "1-0"]
[Round "01"]
[TimeControl "180+2"]
[Date "2023.05.23"]
[WhiteClock "0:01:39"]
[BlackClock "0:01:26"]

1. e4 e5 2. Nf3 Nf6 3. Nxe5 d6 4. Nf3 Nxe4 5. Nc3 Nxc3 6. dxc3 Be7 7. Bd3 h6 8. Be3 Nc6 9. Qe2 a6 10. O-O-O Be6 11. Kb1 Qd7 12. h3 O-O-O 13. Rhe1 Rhe8 14. Nd4 Nxd4 15. cxd4 d5 16. Bxa6 bxa6 17. Qxa6+ Kb8 18. Rd3 Bb4 19. Rb3 c5 20. Bf4+ 1-0


[Site "https://www.chess.com"]

[Event "Titled Tuesday Blitz May 23 Late 2023"]
[White "Doluhanova, Evgeniya"]
[Black "NikaVolkov"]
[WhiteFideId "14112035"]
[WhiteElo "2159"]
[BlackElo "2626"]
[Result "0-1"]
[Round "01"]
[TimeControl "180+2"]
[Date "2023.05.23"]
[WhiteClock "0:00:47"]
[BlackClock "0:01:02"]

1. Nf3 d5 2. g3 e6 3. Bg2 Nf6 4. O-O Be7 5. d3 O-O 6. Nbd2 c5 7. e4 Nc6 8. c3 Qc7 9. b3 b6 10. Bb2 Ba6 11. c4 dxc4 12. dxc4 Rad8 13. Qe2 e5 14. Rfd1 Nd4 15. Nxd4 cxd4 16. Nf3 Qb8 17. Ne1 b5 18. cxb5 Bxb5 19. Nd3 a5 20. Rac1 a4 21. f4 Nd7 22. Bh3 Nc5 23. Rxc5 Bxc5 24. Qc2 Bd6 25. fxe5 Bxe5 26. Ba3 Rfe8 27. bxa4 Ba6 28. Rb1 Qa8 29. Nb4 d3 30. Qd2 Bd4+ 31. Kf1 Qxe4 32. Bg2 Qf5+ 33. Qf4 d2+ 34. Nxa6 Qxb1+ 0-1


[Site "https://www.chess.com"]

[Event "Titled Tuesday Blitz May 23 Late 2023"]
[White "Kleiman, Jake"]
[Black "Weinstein, Joshua Ross"]
[WhiteFideId "2020041"]
[BlackFideId "30927714"]
[WhiteElo "2625"]
[BlackElo "2320"]
[Result "1-0"]
[Round "01"]
[TimeControl "180+2"]
[Date "2023.05.23"]
[WhiteClock "0:00:34"]
[BlackClock "0:01:22"]

1. e4 d5 2. exd5 Qxd5 3. Nc3 Qa5 4. d4 Nf6 5. Bc4 Bg4 6. f3 Bf5 7. g4 Bg6 8. Ne2 e6 9. Bd2 Qb6 10. Bb3 Nbd7 11. Be3 Bb4 12. Qd2 Nd5 13. Bf2 O-O-O 14. a3 Qa5 15. O-O Bxc3 16. Nxc3 Nxc3 17. Qxc3 Qxc3 18. bxc3 Nb6 19. c4 Rd7 20. Rfd1 Rhd8 21. a4 Kb8 22. a5 Nc8 23. Ba4 Rd6 24. c5 R6d7 25. Bxd7 Rxd7 26. c4 c6 27. Bg3+ Ka8 28. a6 Ne7 29. axb7+ Rxb7 30. Rd2 Rb3 31. Kf2 Nc8 32. Raa2 Bd3 33. Rdb2 1-0


[Site "https://www.chess.com"]

[Event "Titled Tuesday Blitz May 23 Late 2023"]
[White "Dubreuil, Julien"]
[Black "Gheorghiu, Calin"]
[WhiteFideId "621285"]
[BlackFideId "1200305"]
[WhiteElo "2315"]
[BlackElo "2223"]
[Result "1/2-1/2"]
[Round "01"]
[TimeControl "180+2"]
[Date "2023.05.23"]
[WhiteClock "0:00:17"]
[BlackClock "0:00:05"]

1. e4 e6 2. d4 d5 3. Bd3 dxe4 4. Bxe4 Nf6 5. Bf3 Be7 6. Ne2 O-O 7. Be3 c6 8. O-O Nbd7 9. g3 Nd5 10. Bd2 e5 11. Bg2 exd4 12. Nxd4 Ne5 13. Nc3 Bg4 14. Qe1 Nc4 15. Nxd5 cxd5 16. Bc3 Bf6 17. h3 Re8 18. Qc1 Bh5 19. Re1 Qb6 20. Qf4 Red8 21. Nf5 Bxc3 22. bxc3 Kh8 23. Re7 Qf6 24. g4 Bg6 25. Rae1 Qxc3 26. Bxd5 Nd2 27. R1e3 Qa1+ 28. Kg2 Qf1+ 29. Kh2 Qd1 30. Bg2 Nf1+ 31. Bxf1 Qxf1 32. Ng3 Qb1 33. Qd6 f6 34. Qc7 Rg8 35. h4 Qxc2 36. h5 Qxc7 37. Rxc7 Bb1 38. a4 b6 39. Ree7 a6 40. h6 gxh6 41. Nf5 Bxf5 42. gxf5 Rg5 43. Rxh7+ Kg8 44. Rxh6 b5 45. axb5 axb5 46. Rxf6 Rb8 47. f4 Rg7 48. Rg6 Rxg6 49. fxg6 b4 50. Kg3 b3 51. Rc1 b2 52. Rb1 Kg7 53. f5 Rb4 54. Kf3 Kf6 55. Ke3 Kxf5 56. Kd3 Kxg6 57. Kc3 Rb7 58. Rxb2 Rxb2 59. Kxb2 1/2-1/2


[Site "https://www.chess.com"]

[Event "Titled Tuesday Blitz May 23 Late 2023"]
[White "Chor, Kevin"]
[Black "Alahakoon, Isuru"]
[WhiteFideId "2090740"]
[BlackFideId "9900993"]
[WhiteElo "2623"]
[BlackElo "1953"]
[Result "1-0"]
[Round "01"]
[TimeControl "180+2"]
[Date "2023.05.23"]
[WhiteClock "0:00:17"]
[BlackClock "0:00:03"]

1. e4 d5 2. exd5 Nf6 3. c4 c6 4. d4 cxd5 5. Nc3 Nc6 6. Bf4 e6 7. c5 Ne4 8. Nf3 Be7 9. Qc2 f5 10. Bb5 O-O 11. O-O Bd7 12. Bxc6 Bxc6 13. b4 g5 14. Be5 g4 15. Nd2 Bg5 16. Ndxe4 dxe4 17. b5 Bd5 18. Bd6 Rf6 19. Nxd5 exd5 20. Qb3 Rxd6 21. cxd6 Qxd6 22. a4 Bf6 23. Rfd1 f4 24. Rac1 Rd8 25. a5 Qe7 26. b6 axb6 27. Qxb6 Rd7 28. Rc8+ Kg7 29. Qc5 Qf7 30. Rc1 Be7 31. Qc3 Bd6 32. Ra8 f3 33. g3 Qh5 34. Kh1 Qh3 35. Rg1 Bxg3 36. Rxg3 Qf1+ 37. Rg1 Qxf2 38. Qc8 Rf7 39. Qxg4+ Kf6 40. Qg5+ Ke6 41. Re8+ Kd7 42. Qd8+ Kc6 43. Qb6+ Kd7 44. Rd8+ Ke7 45. Qd6# 1-0


[Site "https://www.chess.com"]

[Event "Titled Tuesday Blitz May 23 Late 2023"]
[White "Fajdetic, Hrvoje"]
[Black "Aldokhin, Ivan"]
[WhiteFideId "14501945"]
[BlackFideId "24115720"]
[WhiteElo "2185"]
[BlackElo "2322"]
[Result "0-1"]
[Round "01"]
[TimeControl "180+2"]
[Date "2023.05.23"]
[WhiteClock "0:01:02"]
[BlackClock "0:00:30"]

1. d4 Nf6 2. Bf4 Nh5 3. Bc1 d5 4. e3 Nf6 5. c4 c5 6. cxd5 Nxd5 7. Nc3 Nc6 8. Nf3 e6 9. Bb5 Qa5 10. Bxc6+ bxc6 11. O-O Nxc3 12. Qe1 Ba6 13. bxc3 Bxf1 14. Kxf1 cxd4 15. exd4 Bd6 16. Bd2 O-O 17. g3 c5 18. Qe4 cxd4 19. cxd4 Qd5 20. Qg4 Rfc8 21. Bh6 Bf8 22. Ne5 Qh1+ 23. Ke2 Qxa1 24. Nd7 Rc2+ 25. Kd3 Qc3+ 0-1


[Site "https://www.chess.com"]

[Event "Titled Tuesday Blitz May 23 Late 2023"]
[White "Schnaider, Ilan"]
[Black "ThaBarWa"]
[WhiteFideId "169013"]
[WhiteElo "2224"]
[BlackElo "2306"]
[Result "1-0"]
[Round "01"]
[TimeControl "180+2"]
[Date "2023.05.23"]
[WhiteClock "0:01:10"]
[BlackClock "0:00:14"]

1. e4 e6 2. d4 d5 3. Nd2 Nf6 4. e5 Nfd7 5. Bd3 c5 6. c3 b6 7. Qe2 Nc6 8. Ngf3 cxd4 9. cxd4 Nb4 10. O-O Nxd3 11. Qxd3 a5 12. Re1 Ba6 13. Qe3 Be7 14. Nf1 O-O 15. Ng3 Rc8 16. Qf4 Qc7 17. Qg4 Qc2 18. h4 Qg6 19. Qh3 h5 20. Bg5 Bxg5 21. hxg5 Rc2 22. Nxh5 Rxb2 23. Nf4 Qc2 24. Qh4 g6 25. Rac1 Qf5 26. Qg3 Rc2 27. Nh4 Rxc1 28. Rxc1 Qe4 29. Rc7 Nb8 30. Nhxg6 fxg6 31. Qh3 Rf7 32. Rxf7 Kxf7 33. Qxe6+ Kg7 34. Qf6+ Kg8 35. Ne6 1-0


[Site "https://www.chess.com"]